 Seeded DCSS version 0.30.1-9-gdf580d7c3d (webtiles) character file.

Game seed: 5895237129905892224 (custom seed)

7118 tkbsonic5 the Fighter (level 11, -3/103 HPs)
             Began as a Naga Fighter on Oct 21, 2023.
             Was a Follower of Makhleb.
             Slain by a troll (9 damage)
             ... on level 9 of the Dungeon on Oct 23, 2023.
             The game lasted 00:20:55 (9976 turns).

tkbsonic5 the Fighter (Naga Fighter)                Turns: 9976, Time: 00:20:55

Health: -3/103     AC: 17    Str: 24    XL:     11   Next: 10%
Magic:  13/13      EV: 10    Int:  8    God:    Makhleb [*.....]
Gold:   110        SH:  0    Dex: 10    Spells: 10/10 levels left

rFire   . . .        a - +1 long sword
rCold   . . .        (no shield)
rNeg    . . .        d - +9 ring mail "Leerr" {Rampage rPois}
rPois   +            (no helmet)
rElec   .            r - +0 cloak
rCorr   .            (no gloves)
SInv    +            (no barding)
Will    +....        (no amulet) Stlth
                     (no ring)
HPRegen 0.37/turn    (no ring)
MPRegen 0.13/turn

%: rampage
@: very slow
A: AC +3, large, see invisible, deformed body, poison resistance, slowness 2,
spit poison 1, naga tail 1, low MP 1
a: Spit Poison, Renounce Religion


You were on level 9 of the Dungeon.
You worshipped Makhleb.
Makhleb was aware of your devotion.
You visited 2 branches of the dungeon, and saw 10 of its levels.

You collected 508 gold pieces.
You spent 398 gold pieces at shops.

Inventory:

Hand Weapons
 a - a +1 long sword (weapon)
 i - a +2 great sword of electrocution
 l - a +1 heavy great sword
 A - a +0 spear
Missiles
 m - 4 poisoned darts
Armour
 b - a +0 scale mail
 c - a +0 buckler
 d - the +9 ring mail "Leerr" (worn) {Rampage rPois}
   (You found it on level 2 of the Dungeon)

   rPois:     It protects you from poison.
   Rampage:   It bestows one free step when moving towards enemies.
 k - a +2 kite shield
 r - a +0 cloak (worn)
Jewellery
 p - a +4 ring of protection
 y - the ring of the Mage {Wiz Archmagi}
   (You took it off an orc on level 5 of the Dungeon)

   [ring of wizardry]

   It improves your spell success rate.
   Archmagi:  It increases the power of your magical spells.
Wands
 t - a wand of flame (46) (quivered)
Scrolls
 f - a scroll of blinking
 j - a scroll of magic mapping
Potions
 e - a potion of brilliance
 g - a potion of might
 h - a potion of ambrosia
 B - a potion of magic


   Skills:
 + Level 8.3 Fighting
 * Level 8.0 Long Blades
 - Level 5.1 Armour
 - Level 6.0 Dodging
 - Level 7.4 Shields
 + Level 5.2 Invocations


You had 10 spell levels left.
You didn't know any spells.
Your spell library contained the following spells:

 Spells                   Type           Power      Damage    Failure   Level
 Blink                    Tloc           0%         N/A       69%         2
 Lesser Beckoning         Tloc           0%         N/A       69%         2
 Momentum Strike          Conj/Tloc      0%         3d8       69%         2
 Static Discharge         Conj/Air       0%         2-2/arc   69%         2
 Airstrike                Air            0%         2d(0-16)  100%        4
 Summon Lightning Spire   Summ/Air       0%         N/A       100%        4


Dungeon Overview and Level Annotations

Branches:
Dungeon (9/15)             Temple (1/1) D:7            Lair (0/5) D:8
    Orc: D:9-12

Altars:
Gozag
Kikubaaqudgha
Makhleb
Nemelex Xobeh
Okawaru
Sif Muna
Trog
Vehumet
Zin

Shops:
D:9 (


Innate Abilities, Weirdness & Mutations

Your serpentine skin is tough. (AC +3)
You have supernaturally acute eyesight. (SInv)
Armour fits poorly on your strangely shaped body.
Your system is resistant to poisons. (rPois)
You cover ground very slowly.
You can spit poison.
You have a snake-like lower body.
Your magical capacity is low. (-10% MP)


Message History

The kobold hits you but does no damage.
You slash the kobold!
You kill the kobold!
Makhleb accepts your kill. The troll bites you!
* * * LOW HITPOINT WARNING * * *
The troll claws you.
* * * LOW HITPOINT WARNING * * *
The troll barely misses you.
Okay, then.
Okay, then.
Aiming: Spit Poison (1% risk of failure)
Press: ? - help, Q - select action, (/) - cycle Shift-Dir - straight line, f - troll
Aim: a troll (moderately wounded, 64% to hit)
The splash of poison hits the troll!
The troll is poisoned.
The troll is heavily wounded.
The troll barely misses you.
The troll claws you but does no damage. x2
Aiming: Throw Flame
Press: ? - help, Shift-Dir - straight line, f/p - troll
Aim: a troll (heavily wounded, poisoned, 68% to hit)
The puff of flame hits the troll.
The troll is heavily wounded.
The troll bites you but does no damage. The troll barely misses you.
The troll completely misses you.
Aiming: Throw Flame
Press: ? - help, Q - select action, (/) - cycle Shift-Dir - straight line, f/p - troll
Aim: a troll (heavily wounded, poisoned, 68% to hit)
The puff of flame misses the troll.
The puff of flame hits the kobold!
You kill the kobold!
Makhleb accepts your kill.
You can now gain health from killing.
The troll bites you but does no damage. The troll claws you but does no damage.
The troll barely misses you.
Aiming: Throw Flame
Press: ? - help, Q - select action, (/) - cycle Shift-Dir - straight line, f/p - troll
Aim: a troll (heavily wounded, poisoned, 68% to hit)
The puff of flame hits the troll.
The troll is severely wounded.
You have got your breath back.
The troll bites you!
You die...

###....#.# #...# #######
.......#.# #...#
#.....##.##.#..#.#####.Sg#
#.....#...#...............
#.........#.........!.....
#.....# #.##.............
#.....#####.##.#.#####...##
##.......##....#)# #...#
#....∩..##.$###@#
##.#####.##..###T#
..)...##.##..K.)K#
##.##........#####
##.#####.#......# ##..
..>#.####.# ##.......#.# ..
##########.. ## #.#


You could see a troll (poisoned) and a kobold.

Vanquished Creatures
  A two-headed ogre (D:8)
  6 death yaks (D:8)
  A steam dragon (D:8)
  A wyvern (D:7)
  5 water moccasins
  An orc warrior (D:6)
  2 ice beasts
  An ogre (D:6)
  2 kobold brigands
  2 bullfrogs (D:8)
  3 scorpions
  2 wights (D:9)
  2 killer bees
  3 howler monkeys (D:8)
  A quasit (D:7)
  3 jellies
  Crazy Yiuf (D:4)
  3 hounds
  7 orc priests
  3 sleepcaps
  An iguana (D:5)
  Natasha (thrice) (D:3)
  4 orc wizards
  7 gnolls
  16 adders
  A shadow imp (D:7)
  4 white imps
  2 ufetubi
  2 dart slugs
  27 orcs
  6 endoplasms
  3 giant cockroaches
  9 goblins
  10 hobgoblins
  4 quokkas
  10 ball pythons
  2 bats (D:1)
  2 frilled lizards
  23 kobolds
  7 rats
193 creatures vanquished.

Vanquished Creatures (collateral kills)
  2 killer bees (D:8)
2 creatures vanquished.

Vanquished Creatures (others)
  A wight (D:9)
  2 killer bees
3 creatures vanquished.

Grand Total: 198 creatures vanquished

Notes
Turn   | Place    | Note
-------+----------+-------------------------------------------
     0 | D:1      | tkbsonic5 the Naga Fighter began the quest for the Orb.
     0 | D:1      | Reached XP level 1. HP: 21/21 MP: 1/1
   183 | D:1      | Reached XP level 2. HP: 7/28 MP: 2/2
   343 | D:1      | Reached XP level 3. HP: 16/34 MP: 3/3
   891 | D:2      | Identified the +9 ring mail "Leerr" {Rampage rPois}
  1008 | D:2      | Reached XP level 4. HP: 41/43 MP: 4/4
  1138 | D:2      | Reached skill level 1 in Dodging
  1158 | D:2      | Reached XP level 5. HP: 50/50 MP: 5/5
  2243 | D:3      | Noticed Natasha
  2251 | D:3      | Killed Natasha
  2252 | D:3      | Reached XP level 6. HP: 43/57 MP: 6/6
  2625 | D:3      | Noticed Natasha
  2639 | D:3      | Killed Natasha
  2806 | D:3      | Noticed Natasha
  2815 | D:3      | Killed Natasha
  3325 | D:3      | Found a faded altar of an unknown god.
  3354 | D:3      | Reached XP level 7. HP: 66/66 MP: 7/7
  4302 | D:4      | Found a runed translucent door.
  4303 | D:4      | Noticed Crazy Yiuf
  4311 | D:4      | Killed Crazy Yiuf
  4344 | D:5      | Entered Level 5 of the Dungeon
  4590 | D:5      | Reached skill level 5 in Fighting
  4659 | D:5      | Reached XP level 8. HP: 61/74 MP: 8/8
  5178 | D:6      | Reached skill level 5 in Long Blades
  5178 | D:6      | Reached skill level 5 in Shields
  5489 | D:6      | Found a glowing silver altar of Zin.
  5489 | D:6      | Noticed an angel
  6071 | D:7      | Noticed a wyvern
  6078 | D:7      | Killed a wyvern
  6079 | D:7      | Reached XP level 9. HP: 82/82 MP: 9/9
  6082 | D:7      | Found a flagged portal.
  6845 | D:7      | Found a staircase to the Ecumenical Temple.
  6929 | Temple   | Entered the Ecumenical Temple
  6942 | Temple   | Became a worshipper of Makhleb the Destroyer
  7288 | D:8      | Noticed a two-headed ogre
  7302 | D:8      | Killed a two-headed ogre
  7303 | D:8      | Reached skill level 1 in Invocations
  7487 | D:8      | Noticed a death yak
  7488 | D:8      | Noticed a death yak
  7489 | D:8      | Noticed a death yak
  7804 | D:9      | Noticed a two-headed ogre
  7837 | D:8      | HP: 1/74 [poisoned by a killer bee]
  8118 | D:8      | Noticed a death yak
  8121 | D:8      | Noticed a death yak
  8124 | D:8      | Noticed a death yak
  8126 | D:8      | Gained mutation: Your magical capacity is low. (-10% MP)
                  | [potion of mutation]
  8653 | D:8      | Reached XP level 10. HP: 93/94 MP: 10/10
  8656 | D:8      | Reached skill level 5 in Dodging
  9050 | D:8      | Noticed a death yak
  9060 | D:8      | Killed a death yak
  9061 | D:8      | Killed a death yak
  9061 | D:8      | Killed a death yak
  9067 | D:8      | Killed a death yak
  9071 | D:8      | Killed a death yak
  9072 | D:8      | Reached skill level 5 in Armour
  9072 | D:8      | Killed a death yak
  9073 | D:8      | Reached skill level 5 in Invocations
  9073 | D:8      | Reached XP level 11. HP: 16/103 MP: 11/13
  9457 | D:8      | Found a staircase to the Lair.
  9889 | D:9      | Found Omajiv's Antique Weapon Emporium.
  9898 | D:9      | Bought a glowing great sword for 199 gold pieces
  9898 | D:9      | Bought a runed great sword for 199 gold pieces
  9972 | D:9      | HP: 5/103 [troll (3)]
  9975 | D:9      | Reached * piety under Makhleb
  9976 | D:9      | Slain by a troll

Illustrated notes

Levels and vault maps discovered:
D:1:      dpeg_arrival_brainrot, layout_loops_ring,
          hangedman_decor_clover_reticule, minmay_heptomino_w4
D:2:      layout_basic, minmay_snake_closets
D:3:      layout_basic, ebering_ecumenical_altar_webs,
          ebering_dispersal_statue_hall, uniq_natasha
D:4:      layout_loops_cross, uniq_crazy_yiuf_cottage
D:5:      layout_basic
D:6:      kennysheep_six_static_rooms, layout_basic, zin_angel
D:7:      layout_loops_cross, minmay_temple_entry_waves, serial_demonic,
          serial_demonic_a, serial_demonic_e, serial_demonic_c,
          serial_demonic_c, enter_bailey_5
D:8:      layout_cave_pods, dpeg_lair_monsters
D:9:      layout_loops_cross, serial_shops, shop, nicolae_shop_trees, shop,
          shop, shop
Temple:   compressed_dpeg_circular_temple

Skill      XL: |  1  2  3  4  5  6  7  8  9 10 11 |
---------------+----------------------------------+-----
Shields        | 3 4 5 6 7 |  7.4
Dodging        | 1 2 3 4 6 |  6.0
Long Blades    | 3 4 5 6 7 8 |  8.0
Fighting       | 4 5 6 7 8 |  8.3
Armour         | 3 4 5 |  5.1
Invocations    | 2 5 |  5.2

Action                     |  1- 3 |  4- 6 |  7- 9 | 10-12 || total
---------------------------+-------+-------+-------+-------++-------
  Melee: Long sword        |    90 |   229 |   464 |    93 ||   876
         Punch             |       |       |       |     1 ||     1
  Throw: Dart              |       |       |     6 |       ||     6
Ability: Spit Poison       |     3 |     7 |    27 |     4 ||    41
  Evoke: Wand              |       |       |    19 |     3 ||    22
    Use: Potion            |     1 |     1 |    13 |       ||    15
         Scroll            |     1 |     3 |    15 |     3 ||    22
   Stab: Invisible         |       |       |     1 |       ||     1
 Armour: Scale mail        |    23 |       |       |       ||    23
         Ring mail         |    22 |   157 |   374 |    96 ||   649
  Dodge: Dodged            |    35 |    95 |   303 |    73 ||   506
  Block: Buckler           |    20 |    50 |     3 |       ||    73
         Kite shield       |       |       |   344 |    35 ||   379
